 Dungeon Crawl Stone Soup version 0.28.0-43-g3370ac3207 (webtiles) character file.

Game seed: 6705513596174782677

414 Ablot the Grasshopper (level 6, -3/51 HPs)
             Began as a Gnoll Warper on Mar 14, 2022.
             Was an Initiate of Fedhas.
             Slain by Sigmund
             ... wielding a +1 vorpal scythe
              (11 damage)
             ... on level 4 of the Dungeon.
             The game lasted 00:07:13 (4272 turns).

Ablot the Grasshopper (Gnoll Warper)                Turns: 4272, Time: 00:07:14

Health: -3/51      AC: 11    Str: 12    XL:     6   Next: 91%
Magic:  14/14      EV: 13    Int: 15    God:    Fedhas [......]
Gold:   146        SH:  0    Dex: 11    Spells: 13/15 levels left

rFire   . . .      SeeInvis .   a - +2 trident (vorpal)
rCold   + . .      Faith    +   (no shield)
rNeg    . . .      Spirit   .   v - +2 leather armour {rC+}
rPois   .          Reflect  .   (no helmet)
rElec   .          Harm     .   x - +0 cloak {rCorr}
rCorr   +          Rampage  .   (no gloves)
Will    .....                   o - +0 pair of boots
Stlth   ++........              l - amulet "Viosulun" {Faith Int+2}
HPRegen 0.17/turn               t - +4 ring of protection
MPRegen 0.14/turn               (no ring)

@: no status effects
A: fangs 1, strong nose, distributed training
a: Renounce Religion


You were on level 4 of the Dungeon.
You worshipped Fedhas.
Fedhas was noncommittal.
You visited 2 branches of the dungeon, and saw 5 of its levels.

You collected 146 gold pieces.

Inventory:

Hand Weapons
 a - a +2 vorpal trident (weapon)
Missiles
 d - 5 boomerangs of dispersal (quivered)
 f - 147 stones
 k - 3 javelins
 m - 6 boomerangs
 u - 13 arrows
Armour
 n - a +0 leather armour of positive energy
 o - a +0 pair of boots (worn)
 v - a +2 leather armour of cold resistance (worn)
 x - a +0 cloak of preservation (worn)
Jewellery
 l - the amulet "Viosulun" (around neck) {Faith Int+2}
   (You found it on level 3 of the Dungeon)

   [amulet of faith]

   It allows you to gain divine favour quickly.
   Int:       It affects your intelligence (+2).
 t - a +4 ring of protection (left hand)
Wands
 s - a wand of digging (8)
 w - a wand of flame (4)
Scrolls
 b - 5 scrolls of identify {unknown}
 c - a scroll of blinking
 g - a scroll of teleportation {unknown}
 p - a scroll of fog {unknown}
 q - a scroll of immolation {unknown}
Potions
 h - 2 potions of attraction {unknown}
 i - a potion of might {unknown}
 j - a potion of invisibility {unknown}
 r - a potion of mutation {unknown}


   Skills:
 + Level 5.1 Fighting
 + Level 2.1 Short Blades
 + Level 2.1 Long Blades
 + Level 2.1 Axes
 + Level 2.1 Maces & Flails
 + Level 5.1 Polearms
 + Level 2.1 Staves
 + Level 2.1 Slings
 + Level 2.1 Bows
 + Level 2.1 Crossbows
 + Level 3.4 Throwing
 + Level 3.4 Armour
 + Level 5.1 Dodging
 + Level 2.1 Stealth
 + Level 2.1 Shields
 + Level 2.1 Unarmed Combat
 + Level 5.4 Spellcasting
 + Level 1.7 Conjurations
 + Level 1.7 Hexes
 + Level 1.7 Summonings
 + Level 1.7 Necromancy
 + Level 5.7 Translocations
 + Level 1.7 Transmutations
 + Level 1.7 Fire Magic
 + Level 1.7 Ice Magic
 + Level 1.7 Air Magic
 + Level 1.7 Earth Magic
 + Level 1.7 Poison Magic
 + Level 2.4 Invocations
 + Level 2.1 Evocations


You had 13 spell levels left.
You knew the following spells:

 Your Spells              Type           Power      Damage    Failure   Level
a - Blink                 Tloc           42%        N/A       2%          2

Your spell library contained the following spells:

 Spells                   Type           Power      Damage    Failure   Level
 Gell's Gravitas          Tloc           21%        N/A       5%          3
 Lesser Beckoning         Tloc           21%        N/A       5%          3
 Teleport Other           Tloc           21%        N/A       5%          3
 Summon Small Mammal      Summ           36%        N/A       10%         1
 Call Canine Familiar     Summ           9%         N/A       28%         3
 Summon Guardian Golem    Hex/Summ       9%         N/A       28%         3
 Manifold Assault         Tloc           21%        N/A       45%         5


Dungeon Overview and Level Annotations

Branches:
Dungeon (4/15)             Temple (1/1) D:4

Altars:
Cheibriados
Dithmenos
Elyvilon
Fedhas
Gozag
Kikubaaqudgha
Nemelex Xobeh
Okawaru
Ru
Wu Jian
Yredelemnul
Zin
The Shining One

Annotations:
D:4 Sigmund


Innate Abilities, Weirdness & Mutations

You have very sharp teeth.
Your uncanny sense of smell can sniff out nearby items.
Your experience applies equally to all skills.


Message History

The water moccasin is severely wounded.
The water moccasin closely misses you. Something hits you!
The water moccasin bites you.
You are poisoned.
The water moccasin poisons you!
You barely miss the water moccasin.
The water moccasin is severely wounded.
You feel very sick.
The water moccasin bites you but does no damage.
Something barely misses you.
You closely miss the water moccasin.
The water moccasin is severely wounded.
You feel very sick. The water moccasin bites you.
The water moccasin closely misses you.
You barely miss the water moccasin.
The water moccasin is severely wounded.
You feel sick. Something hits you but does no damage.
The water moccasin barely misses you.
You barely miss the water moccasin. Your bite misses the water moccasin.
The water moccasin is severely wounded.
You feel sick. The water moccasin closely misses you.
Something barely misses you.
You puncture the water moccasin!
You kill the water moccasin!
Fedhas appreciates your contribution to the ecosystem.
You feel sick. Something barely misses you.
You feel sick.
Things that are here:
a water moccasin corpse; a ball python corpse You miss something.
Your bite misses something.
You feel sick. Something hits you.
* * * LOW HITPOINT WARNING * * *
x2 You miss something.
You feel sick.
You hear some strange, mumbled words.
Something tries to affect you, but you resist.
You barely miss something.
You feel sick.
You are no longer poisoned.
Something hits you!
You die...
Fedhas appreciates your contribution to the ecosystem.

#.# #.# #.#
#.# #.#
###.# #>#
##...# #.#
##....# #.#
#....## #.#
#....# #)#
#....# #
#@# #...##
..#.#####{#
##)##
..........#
#.##
..........#
##.#
..........#
#.##
..........#
##.#
..........#
##†##
..........#
#.[.#
..........#
#...#


There were no monsters in sight!

Vanquished Creatures
  A water moccasin (D:4)
  Crazy Yiuf (D:4)
  2 orc wizards
  3 adders (D:2)
  11 gnolls
  A worm (D:4)
  2 dart slugs
  14 orcs
  7 endoplasms
  2 giant cockroaches
  12 goblins
  4 hobgoblins
  2 quokkas
  9 ball pythons
  3 bats
  4 frilled lizards
  6 kobolds
  5 rats
89 creatures vanquished.

Notes
Turn   | Place    | Note
-------+----------+-------------------------------------------
     0 | D:1      | Ablot the Gnoll Warper began the quest for the Orb.
     0 | D:1      | Reached XP level 1. HP: 20/20 MP: 6/6
   287 | D:1      | Reached XP level 2. HP: 20/26 MP: 7/7
   563 | D:1      | You fall into a shaft and drop 1 floor!
   702 | D:1      | Reached XP level 3. HP: 30/31 MP: 9/9
   705 | D:1      | Learned a level 2 spell: Blink
   759 | D:1      | Reached skill level 5 in Spellcasting
   883 | D:2      | Reached skill level 1 in Invocations
   950 | D:2      | Reached skill level 1 in Short Blades
   950 | D:2      | Reached skill level 1 in Long Blades
   950 | D:2      | Reached skill level 1 in Axes
   950 | D:2      | Reached skill level 1 in Maces & Flails
   950 | D:2      | Reached skill level 1 in Staves
   950 | D:2      | Reached skill level 1 in Slings
   950 | D:2      | Reached skill level 1 in Bows
   950 | D:2      | Reached skill level 1 in Crossbows
   950 | D:2      | Reached skill level 1 in Stealth
   950 | D:2      | Reached skill level 1 in Shields
   950 | D:2      | Reached skill level 1 in Unarmed Combat
   950 | D:2      | Reached skill level 1 in Evocations
   952 | D:2      | Reached XP level 4. HP: 38/38 MP: 11/11
  1495 | D:3      | Identified the amulet "Viosulun" {Faith Int+2}
  1536 | D:2      | Reached skill level 1 in Conjurations
  1536 | D:2      | Reached skill level 1 in Hexes
  1536 | D:2      | Reached skill level 1 in Summonings
  1536 | D:2      | Reached skill level 1 in Necromancy
  1536 | D:2      | Reached skill level 1 in Transmutations
  1536 | D:2      | Reached skill level 1 in Fire Magic
  1536 | D:2      | Reached skill level 1 in Ice Magic
  1536 | D:2      | Reached skill level 1 in Air Magic
  1536 | D:2      | Reached skill level 1 in Earth Magic
  1536 | D:2      | Reached skill level 1 in Poison Magic
  1890 | D:3      | Reached XP level 5. HP: 43/43 MP: 12/12
  3155 | D:4      | Noticed Sigmund
  3156 | D:4      | Noticed a water moccasin
  3342 | D:4      | Reached XP level 6. HP: 38/50 MP: 13/13
  3446 | D:4      | Found a staircase to the Ecumenical Temple.
  3451 | Temple   | Entered the Ecumenical Temple
  3616 | Temple   | Became a worshipper of Fedhas Madash
  4015 | D:4      | Found a runed translucent door.
  4016 | D:4      | Noticed Crazy Yiuf
  4025 | D:4      | Killed Crazy Yiuf
  4221 | D:4      | Reached skill level 5 in Fighting
  4221 | D:4      | Reached skill level 5 in Polearms
  4221 | D:4      | Reached skill level 5 in Dodging
  4268 | D:4      | Killed a water moccasin
  4272 | D:4      | Slain by Sigmund

Illustrated notes

Levels and vault maps discovered:
D:1:      giann_horns, layout_basic, wander_ebering_terrifying_dragon_lair
D:2:      layout_basic
D:3:      layout_loops_cross
D:4:      layout_basic, temple_doors_ab, uniq_eustachio,
          uniq_crazy_yiuf_cottage, uniq_sigmund
Temple:   dshaligram_water_room_temple

Skill      XL: |  1  2  3  4  5  6 |
---------------+-------------------+-----
Spellcasting   | 5 |  5.4
Invocations    | 1 2 |  2.4
Short Blades   | 1 2 |  2.1
Long Blades    | 1 2 |  2.1
Axes           | 1 2 |  2.1
Maces & Flails | 1 2 |  2.1
Staves         | 1 2 |  2.1
Slings         | 1 2 |  2.1
Bows           | 1 2 |  2.1
Crossbows      | 1 2 |  2.1
Stealth        | 1 2 |  2.1
Shields        | 1 2 |  2.1
Unarmed Combat | 1 2 |  2.1
Evocations     | 1 2 |  2.1
Conjurations   | 1 |  1.7
Hexes          | 1 |  1.7
Summonings     | 1 |  1.7
Necromancy     | 1 |  1.7
Transmutations | 1 |  1.7
Fire Magic     | 1 |  1.7
Ice Magic      | 1 |  1.7
Air Magic      | 1 |  1.7
Earth Magic    | 1 |  1.7
Poison Magic   | 1 |  1.7
Throwing       | 3 |  3.4
Armour         | 3 |  3.4
Fighting       | 5 |  5.1
Polearms       | 5 |  5.1
Dodging        | 5 |  5.1
Translocations | |  5.7

Action                   |  1- 3 |  4- 6 || total
-------------------------+-------+-------++-------
Melee: Spear             |    64 |       ||    64
       Bite              |     4 |    15 ||    19
       Punch             |     1 |     1 ||     2
       Trident           |    27 |   185 ||   212
Throw: Javelin           |       |     4 ||     4
       Dart              |       |     5 ||     5
 Cast: Blink             |       |     1 ||     1
 Stab: Sleeping          |       |     2 ||     2
Armor: Leather armour    |    16 |    31 ||    47
Dodge: Dodged            |    46 |   108 ||   154
